AoeStats
← 沒起房子我日

Arena

508422500Analyzed
4v4 RM · 10d ago on Sep 22, 2026· 51m 42s· 8 players
Game mode
Random Map
Map size
Large (8 player)
Population
200
Speed
Normal
Resources
Standard
Victory
Conquest
Starting age
Dark Age
Ending age
Imperial Age
RankedLock teamsTeams togetherTeam positionsShared explorationLock speedFull tech treeHidden civsTurbo modeCheats
Victory
Defeat
🇨🇳 Aztecs · China
1549
+13
🇹🇼 Japanese · Taiwan
1491
+15
🇨🇳 Khmer · China
1406
+19
🇻🇳 Vietnamese · Vietnam
1347
+22
🇩🇪 Hindustanis · Germany
1507
-19
🇺🇸 Franks · United States
1471
-17
🇨🇭 Sicilians · Switzerland
1470
-17
🇨🇳 Italians · China
1454
-16
F1NBLOO
11:10 Feudal Age
14:56 Castle Age
12:51 Double-Bit Axe
13:05 Horse Collar
16:04 Bow Saw
16:17 Heavy Plow
21:46 Wheelbarrow
21:46 Gold Mining
23:07 Hand Cart
23:43 Gold Shaft Mining
28:03 Imperial Age
25:24 Loom
26:12 Forging
26:03 Scale Mail Armor
27:46 Iron Casting
27:16 Stone Mining
27:50 Chain Mail Armor
27:00 Pikeman
27:41 Squires
27:40 Arson
27:43 Gambesons
28:05 Onager
29:50 Blast Furnace
28:16 Halberdier
29:55 Siege Onager
32:38 Plate Mail Armor
32:22 Siege Engineers
38:01 Capped Ram
39:25 Conscription
38:59 Capped Ram
40:09 Siege Ram
AlDebaran
7:07 Loom
9:06 Loom
11:15 Feudal Age
9:32 Loom
15:05 Castle Age
20:20 Wheelbarrow
19:37 Double-Bit Axe
21:01 Husbandry
23:24 Town Watch
25:30 Padded Archer Armor
27:13 Hand Cart
27:15 Town Patrol
31:14 Imperial Age
32:59 Chemistry
32:22 Conscription
31:31 Onager
34:31 Siege Engineers
41:12 Masonry
41:45 Hoardings
47:50 Fletching
48:03 Padded Archer Armor
TruffleThor
10:54 Feudal Age
14:55 Castle Age
13:27 Double-Bit Axe
14:09 Horse Collar
16:19 Bow Saw
17:46 Loom
25:28 Fletching
26:38 Wheelbarrow
25:54 Light Cavalry
27:40 Bodkin Arrow
28:06 Heavy Plow
29:23 Bloodlines
31:06 Hand Cart
35:09 Imperial Age
33:53 Padded Archer Armor
36:50 Chemistry
35:53 Shatagni
36:18 Conscription
36:10 Shatagni
36:18 Gold Mining
37:13 Conscription
42:24 Leather Archer Armor
44:58 Elite Skirmisher
46:43 Ring Archer Armor
逸丶然
10:33 Feudal Age
12:00 Double-Bit Axe
14:20 Castle Age
12:50 Horse Collar
15:21 Bow Saw
21:11 Wheelbarrow
22:50 Hand Cart
22:52 Stone Mining
22:53 Gold Mining
23:06 Heavy Plow
24:46 Stone Shaft Mining
24:05 Loom
27:47 Imperial Age
25:10 Fletching
25:21 Padded Archer Armor
25:46 Ballistics
25:07 Treadmill Crane
26:22 Bodkin Arrow
27:48 Elite Genoese Crossbowman
28:35 Bracer
28:52 Thumb Ring
30:04 Chemistry
30:00 Conscription
30:41 Leather Archer Armor
32:00 Hoardings
32:58 Murder Holes
33:15 Masonry
33:41 Ring Archer Armor
33:05 Light Cavalry
33:55 Bloodlines
33:46 Husbandry
33:53 Scale Barding Armor
33:58 Forging
34:16 Hussar
37:08 Chain Barding Armor
38:57 Plate Barding Armor
38:57 Iron Casting
42:16 Blast Furnace
50:10 Two-Man Saw
沒起房子我日
10:35 Feudal Age
14:15 Castle Age
12:38 Double-Bit Axe
12:35 Horse Collar
15:32 Bow Saw
16:20 Wheelbarrow
21:44 Heavy Plow
23:26 Hand Cart
23:04 Gold Mining
25:06 Loom
27:53 Imperial Age
25:57 Scale Mail Armor
26:08 Forging
26:39 Gold Shaft Mining
25:55 Stone Mining
26:16 Town Watch
26:51 Squires
26:12 Pikeman
27:46 Chain Mail Armor
28:07 Iron Casting
29:09 Plate Mail Armor
29:02 Conscription
28:10 Halberdier
29:18 Treadmill Crane
30:39 Chemistry
31:01 Blast Furnace
29:43 Man-at-Arms
30:18 Long Swordsman
30:59 Fletching
30:50 Two-Handed Swordsman
32:38 Ballistics
32:30 Masonry
32:40 Guard Tower
33:09 Bodkin Arrow
33:02 Arrowslits
33:21 Yasama
34:16 Bracer
35:35 Keep
34:48 Champion
35:15 Arson
38:02 Kataparuto
38:37 Padded Archer Armor
38:34 Murder Holes
41:20 Leather Archer Armor
48:34 Coinage
48:05 Caravan
49:26 Siege Engineers
49:33 Fortified Wall
50:37 Two-Man Saw
50:10 Banking
51:31 Spies/Treason
51:37 Spies/Treason
李雾月
11:07 Feudal Age
9:42 Loom
15:02 Castle Age
13:32 Double-Bit Axe
14:19 Horse Collar
16:52 Redemption
17:35 Fervor
21:20 Sanctity
22:00 Loom
26:59 Stone Mining
28:42 Wheelbarrow
29:21 Gold Mining
30:01 Bow Saw
30:12 Fortified Wall
30:15 Heavy Plow
31:27 Gold Shaft Mining
31:32 Stone Shaft Mining
31:38 Hand Cart
35:33 Imperial Age
32:49 Town Watch
33:08 Devotion
33:42 Eagle Warrior
34:23 Squires
36:05 Forging
35:59 Squires
36:36 Conscription
38:09 Fletching
38:55 Iron Casting
38:20 Scale Mail Armor
38:47 Elite Skirmisher
39:27 Atlatl
39:25 Bodkin Arrow
39:52 Town Patrol
39:31 Pikeman
39:58 Gambesons
40:11 Imperial Skirmisher
41:33 Bracer
41:33 Padded Archer Armor
42:35 Blast Furnace
43:14 Chemistry
43:09 Scale Mail Armor
44:12 Blast Furnace
43:35 Ballistics
43:04 Arson
42:47 Man-at-Arms
44:55 Caravan
45:26 Coinage
45:41 Crop Rotation
47:20 Treadmill Crane
48:38 Chain Mail Armor
48:43 Leather Archer Armor
48:45 Chain Mail Armor
49:52 Siege Engineers
49:43 Murder Holes
49:34 Arrowslits
51:03 Capped Ram
andfoul
10:45 Feudal Age
14:22 Castle Age
12:17 Double-Bit Axe
12:35 Horse Collar
16:09 Bow Saw
20:44 Wheelbarrow
19:54 Loom
22:31 Stone Mining
22:32 Gold Mining
24:08 Hand Cart
24:25 Gold Mining
28:54 Imperial Age
28:07 Stone Shaft Mining
28:07 Gold Shaft Mining
28:01 Scale Barding Armor
29:24 Town Watch
29:52 Siege Engineers
29:16 Elite Ballista Elephant
30:17 Conscription
30:46 Chain Barding Armor
31:19 Double Crossbow
31:43 Husbandry
31:56 Bloodlines
32:52 Ballistics
33:34 Chemistry
34:04 Plate Barding Armor
34:15 Masonry
34:50 Light Cavalry
36:07 Forging
37:15 Heavy Plow
38:55 Caravan
40:22 Hussar
43:21 Iron Casting
46:32 Architecture
tychodalat
10:30 Feudal Age
9:39 Loom
11:29 Double-Bit Axe
15:12 Castle Age
13:27 Horse Collar
16:24 Bow Saw
16:15 Heavy Plow
17:08 Wheelbarrow
22:40 Scale Mail Armor
23:04 Gold Mining
24:15 Forging
24:50 Chain Mail Armor
26:20 Iron Casting
30:08 Imperial Age
27:55 Hand Cart
28:04 Town Watch
28:47 Chatras
28:40 Fletching
28:51 Padded Archer Armor
29:02 Stone Mining
29:51 Bodkin Arrow
30:51 Leather Archer Armor
30:21 Elite Rattan Archer
31:19 Bracer
31:44 Paper Money
32:35 Chemistry
31:55 Ballistics
32:58 Ring Archer Armor
34:02 Two-Man Saw
32:58 Capped Ram
35:59 Elite Fire Lancer
37:45 Plate Mail Armor
37:19 Squires
37:04 Arson
38:52 Onager
42:10 Scale Barding Armor
42:07 Caravan
42:45 Light Cavalry
43:33 Husbandry
43:43 Bloodlines
44:06 Coinage
45:42 Chain Barding Armor
45:30 Guard Tower
46:03 Thumb Ring
45:28 Elite Skirmisher
50:29 Hoardings
52:22 Plate Barding Armor
52:07 Town Patrol
Connection lost

Rejoining the realm…

Still unreachable

The connection could not be restored.

Session expired

The server has moved on; the page needs a fresh start.